TOP OF THE 1ST |
Palm Beach Cardinals batting - Pitching for Charlotte Stone Crabs : RHP Kyle Thomas
|
Pitching: RHP Kyle Thomas
|
|
Batting: RHB Ben Politi
|
0-0: Ball 1-0: Called Strike 1-1: Foul Ball, location: 2F 1-2: Ball 2-2: Strikes out swinging
|
Batting: LHB Ken Morehead
|
0-0: Ball 1-0: Ball 2-0: Called Strike 2-1: Swinging Strike 2-2: Ball 3-2: Strikes out swinging
|
Batting: RHB Ricky Yerzy
|
0-0: Called Strike 0-1: Called Strike 0-2: Foul Ball, location: 2F 0-2: SOLO HOME RUN (Flyball, 9D, EV 91.9 MPH), Distance : 358 ft
|
Batting: RHB Joe Alley
|
0-0: Foul Ball, location: 2F 0-1: Called Strike 0-2: Strikes out swinging
|
Top of the 1st over - 1 run, 1 hit, 0 errors, 0 left on base; Palm Beach 1 - Charlotte 0 |
BOTTOM OF THE 1ST |
Charlotte Stone Crabs batting - Pitching for Palm Beach Cardinals : LHP Ed Gates
|
Pitching: LHP Ed Gates
|
|
Batting: RHB James Huddleston
|
0-0: Ball 1-0: Foul Ball, location: 2F 1-1: Ball 2-1: Called Strike 2-2: Foul Ball, location: 2F 2-2: Strikes out looking
|
Batting: RHB Chris Thorson
|
0-0: Called Strike 0-1: Fly out, F8 (Flyball, 8LD, EV 93.8 MPH)
|
Batting: LHB Darryl Gonnella
|
0-0: SOLO HOME RUN (Flyball, 7LD, EV 98.1 MPH), Distance : 368 ft
|
Batting: RHB Jose Arriola
|
0-0: SINGLE (Line Drive, 7S, EV 97.5 MPH)
|
Batting: RHB Nelle Lommen
|
0-0: Called Strike 0-1: Ball 1-1: Ground out 5-3 (Groundball, 5S, EV 76.2 MPH)
|
Bottom of the 1st over - 1 run, 2 hits, 0 errors, 1 left on base; Palm Beach 1 - Charlotte 1 |
TOP OF THE 2ND |
Palm Beach Cardinals batting - Pitching for Charlotte Stone Crabs : RHP Kyle Thomas
|
Batting: RHB Kyle Burns
|
0-0: Called Strike 0-1: Ground out 4-3 (Groundball, 4, EV 108.1 MPH)
|
Batting: RHB Kalidas Mishra
|
0-0: Called Strike 0-1: Foul Ball, location: 2F 0-2: DOUBLE (Line Drive, 9LM, EV 108.1 MPH)
|
Batting: RHB Sam Daw
|
0-0: Ball 1-0: Ball 2-0: Called Strike Kalidas Mishra steals 3rd base 2-1: Ball 3-1: Swinging Strike 3-2: Foul Ball, location: 2F 3-2: Fly out, F9 (Flyball, 9S, EV 80.6 MPH)
|
Batting: RHB McGwire Jones
|
0-0: Called Strike 0-1: Called Strike 0-2: Fly out, F9 (Line Drive, 9S, EV 99.4 MPH)
|
Top of the 2nd over - 0 runs, 1 hit, 0 errors, 1 left on base; Palm Beach 1 - Charlotte 1 |
BOTTOM OF THE 2ND |
Charlotte Stone Crabs batting - Pitching for Palm Beach Cardinals : LHP Ed Gates
|
Batting: LHB Harris Vink
|
0-0: Ball 1-0: Foul Ball, location: 2F 1-1: Ball 2-1: Foul Ball, location: 2F 2-2: Ground out 4-3 (Groundball, 4, EV 86.2 MPH)
|
Batting: RHB John Downing
|
0-0: Ball 1-0: Fly out, F7 (Flyball, 78M, EV 90.0 MPH)
|
Batting: LHB Rich Matthews
|
0-0: Ball 1-0: Swinging Strike 1-1: Ball 2-1: Swinging Strike 2-2: SOLO HOME RUN (Flyball, 9D, EV 98.1 MPH), Distance : 364 ft
|
Batting: LHB Sean Banks
|
0-0: Foul Ball, location: 2F 0-1: Called Strike 0-2: Foul Ball, location: 2F 0-2: Strikes out looking
|
Bottom of the 2nd over - 1 run, 1 hit, 0 errors, 0 left on base; Palm Beach 1 - Charlotte 2 |
TOP OF THE 3RD |
Palm Beach Cardinals batting - Pitching for Charlotte Stone Crabs : RHP Kyle Thomas
|
Batting: RHB Pablo Nunez
|
0-0: Ball 1-0: Ball 2-0: Foul Ball, location: 2F 2-1: Swinging Strike 2-2: Ball 3-2: Strikes out swinging
|
Batting: RHB Ben Politi
|
0-0: Ball 1-0: Ball 2-0: Called Strike 2-1: Ball 3-1: Foul Ball, location: 2F 3-2: Strikes out swinging
|
Batting: LHB Ken Morehead
|
0-0: Ball 1-0: Ball 2-0: Ball 3-0: Base on Balls
|
Batting: RHB Ricky Yerzy
|
0-0: Called Strike 0-1: Foul Ball, location: 2F 0-2: Strikes out swinging
|
Top of the 3rd over - 0 runs, 0 hits, 0 errors, 1 left on base; Palm Beach 1 - Charlotte 2 |
BOTTOM OF THE 3RD |
Charlotte Stone Crabs batting - Pitching for Palm Beach Cardinals : LHP Ed Gates
|
Batting: RHB James Huddleston
|
0-0: Ball 1-0: Bunt missed! 1-1: SINGLE (Groundball, 6M, EV 100.0 MPH) (infield hit)
|
Batting: RHB Chris Thorson
|
0-0: Ball 1-0: Ball 2-0: Grounds into double play, 4-6-3 (Groundball, 34, EV 103.8 MPH)
|
Batting: LHB Darryl Gonnella
|
0-0: Ball 1-0: Ground out 1-3 (Groundball, 34S, EV 66.2 MPH)
|
Bottom of the 3rd over - 0 runs, 1 hit, 0 errors, 0 left on base; Palm Beach 1 - Charlotte 2 |
TOP OF THE 4TH |
Palm Beach Cardinals batting - Pitching for Charlotte Stone Crabs : RHP Kyle Thomas
|
Batting: RHB Joe Alley
|
0-0: Ball 1-0: Called Strike 1-1: Ball 2-1: Swinging Strike 2-2: Strikes out swinging
|
Batting: RHB Kyle Burns
|
0-0: Foul Ball, location: 2F 0-1: Ball 1-1: Ball 2-1: Called Strike 2-2: Foul Ball, location: 2F 2-2: Ball 3-2: Fly out, F7 (Flyball, 7, EV 75.0 MPH)
|
Batting: RHB Kalidas Mishra
|
0-0: Ball 1-0: Ball 2-0: Called Strike 2-1: Fly out, F8 (Flyball, 8RD, EV 95.0 MPH)
|
Top of the 4th over - 0 runs, 0 hits, 0 errors, 0 left on base; Palm Beach 1 - Charlotte 2 |
BOTTOM OF THE 4TH |
Charlotte Stone Crabs batting - Pitching for Palm Beach Cardinals : LHP Ed Gates
|
Batting: RHB Jose Arriola
|
0-0: Ground out 6-3 (Groundball, 6, EV 109.4 MPH)
|
Batting: RHB Nelle Lommen
|
0-0: Reached on error, E8 (Flyball, 8RM, EV 87.5 MPH)
|
Batting: LHB Harris Vink
|
0-0: Ball 1-0: Swinging Strike 1-1: Called Strike 1-2: SINGLE (Groundball, 4, EV 97.5 MPH) Nelle Lommen to second Runner from 2nd tries for 3rd, SAFE, throw by CF made to third Harris Vink to second
|
Batting: RHB John Downing
|
0-0: Fly out, F8 (Flyball, 8RS, EV 75.6 MPH)
|
Batting: LHB Rich Matthews
|
0-0: SINGLE (Flyball, 78S, EV 89.4 MPH) Nelle Lommen scores Harris Vink to third Runner from 3rd tries for Home, SAFE, throw by LF to home
|
Batting: LHB Sean Banks
|
0-0: Called Strike 0-1: Ball 1-1: Ball 2-1: DOUBLE (Line Drive, 89D, EV 107.5 MPH) Rich Matthews to third
|
Batting: RHB James Huddleston
|
0-0: Ball 1-0: Ball 2-0: Swinging Strike 2-1: Ball 3-1: Foul Ball, location: 2F 3-2: 3-RUN HOME RUN (Flyball, 78XD, EV 103.1 MPH), Distance : 430 ft
|
Pitching: LHP Craig Soole
|
|
Batting: RHB Chris Thorson
|
0-0: Swinging Strike 0-1: Called Strike 0-2: Ball 1-2: Foul Ball, location: 2F 1-2: Ball 2-2: Ball 3-2: Fly out, F8 (Flyball, 8RM, EV 95.0 MPH)
|
Bottom of the 4th over - 5 runs, 4 hits, 1 error, 0 left on base; Palm Beach 1 - Charlotte 7 |
TOP OF THE 5TH |
Palm Beach Cardinals batting - Pitching for Charlotte Stone Crabs : RHP Kyle Thomas
|
Batting: RHB Sam Daw
|
0-0: Fly out, F7 (Flyball, 7LM, EV 85.6 MPH)
|
Batting: RHB McGwire Jones
|
0-0: Swinging Strike 0-1: Ball 1-1: Ball 2-1: Swinging Strike 2-2: Ball 3-2: Ground out 5-3 (Groundball, 56S, EV 75.0 MPH)
|
Batting: RHB Pablo Nunez
|
0-0: Foul Ball, location: 2F 0-1: Ball 1-1: Ball 2-1: Swinging Strike 2-2: Foul Ball, location: 2F 2-2: Ball 3-2: Strikes out swinging
|
Top of the 5th over - 0 runs, 0 hits, 0 errors, 0 left on base; Palm Beach 1 - Charlotte 7 |
BOTTOM OF THE 5TH |
Charlotte Stone Crabs batting - Pitching for Palm Beach Cardinals : LHP Craig Soole
|
Batting: LHB Darryl Gonnella
|
0-0: Ball 1-0: Ball 2-0: Ball 3-0: Base on Balls
|
Batting: RHB Jose Arriola
|
0-0: Ball 1-0: Grounds into double play, 6-4-3 (Groundball, 6M, EV 107.5 MPH)
|
Batting: RHB Nelle Lommen
|
0-0: Called Strike 0-1: Foul Ball, location: 2F 0-2: Strikes out looking
|
Bottom of the 5th over - 0 runs, 0 hits, 0 errors, 0 left on base; Palm Beach 1 - Charlotte 7 |
TOP OF THE 6TH |
Palm Beach Cardinals batting - Pitching for Charlotte Stone Crabs : RHP Kyle Thomas
|
Batting: RHB Ben Politi
|
0-0: Called Strike 0-1: Foul Ball, location: 2F 0-2: Ball 1-2: Ball 2-2: Ground out 1-3 (Groundball, 13S, EV 70.6 MPH)
|
Batting: LHB Ken Morehead
|
0-0: Ball 1-0: Ball 2-0: Foul Ball, location: 2F 2-1: Ball 3-1: Base on Balls
|
Batting: RHB Ricky Yerzy
|
0-0: Foul Ball, location: 2F 0-1: Foul Ball, location: 2F 0-2: Ball 1-2: Strikes out swinging
|
Batting: RHB Joe Alley
|
0-0: Ball 1-0: Swinging Strike 1-1: Ball 2-1: Ground out 4-3 (Groundball, 34, EV 108.8 MPH)
|
Top of the 6th over - 0 runs, 0 hits, 0 errors, 1 left on base; Palm Beach 1 - Charlotte 7 |
BOTTOM OF THE 6TH |
Charlotte Stone Crabs batting - Pitching for Palm Beach Cardinals : LHP Craig Soole
|
Batting: LHB Harris Vink
|
0-0: Foul Ball, location: 2F 0-1: Fly out, F8 (Line Drive, 8RD, EV 93.8 MPH)
|
Batting: RHB John Downing
|
0-0: Ball 1-0: Foul Ball, location: 2F 1-1: Ground out 5-3 (Groundball, 56S, EV 95.0 MPH)
|
Batting: LHB Rich Matthews
|
0-0: Called Strike 0-1: Ball 1-1: Ball 2-1: DOUBLE (Line Drive, 89XD, EV 104.4 MPH)
|
Batting: LHB Sean Banks
|
0-0: Ball 1-0: Called Strike 1-1: Fly out, F8 (Flyball, 89D, EV 73.1 MPH)
|
Bottom of the 6th over - 0 runs, 1 hit, 0 errors, 1 left on base; Palm Beach 1 - Charlotte 7 |
TOP OF THE 7TH |
Palm Beach Cardinals batting - Pitching for Charlotte Stone Crabs : RHP Kyle Thomas
|
Batting: RHB Kyle Burns
|
0-0: Called Strike 0-1: Foul Ball, location: 2F 0-2: Foul Ball, location: 2F 0-2: Ball 1-2: Strikes out looking
|
Pitching: RHP Andres Morales
|
|
Batting: RHB Kalidas Mishra
|
0-0: Ball 1-0: Fly out, F7 (Flyball, 7S, EV 91.9 MPH)
|
Batting: RHB Sam Daw
|
0-0: Called Strike 0-1: Ball 1-1: Ball 2-1: Fly out, F8 (Line Drive, 8LD, EV 100.6 MPH)
|
Top of the 7th over - 0 runs, 0 hits, 0 errors, 0 left on base; Palm Beach 1 - Charlotte 7 |
BOTTOM OF THE 7TH |
Charlotte Stone Crabs batting - Pitching for Palm Beach Cardinals : LHP Craig Soole
|
Batting: RHB James Huddleston
|
0-0: Ball 1-0: Ball 2-0: Called Strike 2-1: Ball 3-1: Foul Ball, location: 2F 3-2: Fly out, F8 (Flyball, 8LD, EV 102.5 MPH)
|
Batting: RHB Chris Thorson
|
0-0: SINGLE (Groundball, 34D, EV 108.8 MPH)
|
Batting: LHB Darryl Gonnella
|
0-0: Swinging Strike 0-1: Ball Wild Pitch! Chris Thorson to second 1-1: Swinging Strike 1-2: Ball 2-2: Ball 3-2: Foul Ball, location: 2F 3-2: Fly out, F8 (Line Drive, 8LD, EV 90.0 MPH)
|
Batting: RHB Jose Arriola
|
0-0: Swinging Strike 0-1: Ball 1-1: Fly out, F1 (Line Drive, P, EV 63.1 MPH)
|
Bottom of the 7th over - 0 runs, 1 hit, 0 errors, 1 left on base; Palm Beach 1 - Charlotte 7 |
TOP OF THE 8TH |
Palm Beach Cardinals batting - Pitching for Charlotte Stone Crabs : RHP Andres Morales
|
Batting: RHB McGwire Jones
|
0-0: Called Strike 0-1: Swinging Strike 0-2: Ball 1-2: Strikes out swinging
|
Pinch Hitting: SHB Gerardo Macias
|
0-0: Called Strike 0-1: Called Strike 0-2: Foul Ball, location: 2F 0-2: Ball 1-2: Ball 2-2: Strikes out looking
|
Batting: RHB Ben Politi
|
0-0: Ball 1-0: Ball 2-0: Ball 3-0: Called Strike 3-1: Foul Ball, location: 2F 3-2: Strikes out swinging
|
Top of the 8th over - 0 runs, 0 hits, 0 errors, 0 left on base; Palm Beach 1 - Charlotte 7 |
BOTTOM OF THE 8TH |
Charlotte Stone Crabs batting - Pitching for Palm Beach Cardinals : LHP Craig Soole
|
Now in LF: Gerardo Macias
|
|
Now in CF: McGwire Jones
|
|
Batting: RHB Nelle Lommen
|
0-0: Ball 1-0: Called Strike 1-1: Hit by Pitch
|
Batting: LHB Harris Vink
|
0-0: Ball 1-0: Ball 2-0: Ball 3-0: Base on Balls Nelle Lommen to second
|
Pitching: LHP John Grinter
|
|
Batting: RHB John Downing
|
0-0: Called Strike 0-1: Grounds into double play, 6-4-3 (Groundball, 6, EV 80.6 MPH) Nelle Lommen to third
|
Batting: LHB Rich Matthews
|
0-0: Fly out, F7 (Line Drive, 7S, EV 96.2 MPH)
|
Bottom of the 8th over - 0 runs, 0 hits, 0 errors, 1 left on base; Palm Beach 1 - Charlotte 7 |
TOP OF THE 9TH |
Palm Beach Cardinals batting - Pitching for Charlotte Stone Crabs : RHP Andres Morales
|
Batting: LHB Ken Morehead
|
0-0: Ball 1-0: Foul Ball, location: 2F 1-1: Ball 2-1: Foul Ball, location: 2F 2-2: Ball 3-2: Base on Balls
|
Batting: RHB Ricky Yerzy
|
0-0: Ball 1-0: Ball 2-0: Foul Ball, location: 2F 2-1: Ball 3-1: Base on Balls Ken Morehead to second
|
Pitching: RHP Cody Wilharm
|
|
Batting: RHB Joe Alley
|
0-0: Fly out, F9 (Flyball, 9LM, EV 81.2 MPH)
|
Batting: RHB Kyle Burns
|
0-0: Called Strike 0-1: Swinging Strike 0-2: Strikes out swinging
|
Batting: RHB Kalidas Mishra
|
0-0: Ball 1-0: Ball 2-0: DOUBLE (Line Drive, 7LD, EV 110.6 MPH) Ken Morehead scores Ricky Yerzy to third
|
Batting: RHB Sam Daw
|
0-0: Ball 1-0: Ball 2-0: Foul Ball, location: 2F 2-1: Called Strike 2-2: Strikes out swinging
|
Top of the 9th over - 1 run, 1 hit, 0 errors, 2 left on base; Palm Beach 2 - Charlotte 7 |
|